 Dungeon Crawl Stone Soup version 0.27-a0-242-ge0fc76b88b (webtiles) character file.

Game seed: 14284443040647963031

39 rebelwolf the Shield-Bearer (level 3, -2/31 HPs)
             Began as a Demigod Fighter on Feb 2, 2021.
             Slain by an orc
             ... wielding a +0 flail
              (7 damage)
             ... on level 2 of the Dungeon.
             The game lasted 00:03:26 (1574 turns).

rebelwolf the Shield-Bearer (Demigod Fighter)       Turns: 1574, Time: 00:03:26

Health: -2/31      AC:  6    Str: 21    XL:     3   Next: 11%
Magic:  5/5        EV:  7    Int: 12    God:
Gold:   73         SH:  9    Dex: 15    Spells: 2/2 levels left

rFire    . . .     SeeInvis .   a - +0 rapier
rCold    . . .     Faith    .   c - +0 kite shield
rNeg     . . .     Spirit   .   b - +0 scale mail
rPois    .         Reflect  .   (no helmet)
rElec    .         Harm     .   (no cloak)
rCorr    .         Rampage  .   (no gloves)
Will     .....                  (no boots)
Stlth    ..........             (no amulet)
HPRegen  0.10/turn              (no ring)
MPRegen  0.09/turn              (no ring)

@: lethally poisoned (-2 -> -4)
A: high mp 1
a: no special abilities


You were on level 2 of the Dungeon.
You visited 1 branch of the dungeon, and saw 2 of its levels.

You collected 73 gold pieces.

Inventory:

Hand Weapons
 a - a +0 rapier (weapon)
Armour
 b - a +0 scale mail (worn)
 c - a +0 kite shield (worn)
Jewellery
 g - an uncursed amulet of faith
Scrolls
 e - 2 scrolls of enchant armour
 h - a scroll of amnesia
 i - a scroll of noise {unknown}
 k - a scroll of teleportation {unknown}
Potions
 d - a potion of might
 f - a potion of brilliance {unknown}
 j - 2 potions of attraction {unknown}


   Skills:
 + Level 3.0 Fighting
 + Level 2.3 Short Blades
 + Level 3.0 Armour
 + Level 0.3 Dodging
 + Level 3.1 Shields


You had 2 spell levels left.
You didn't know any spells.
Your spell library was empty.

Dungeon Overview and Level Annotations

Branches:
Dungeon (2/15)


Innate Abilities, Weirdness & Mutations

You have an increased reservoir of magic. (+10% MP)


Message History

Increase (S)trength, (I)ntelligence, or (D)exterity?
You feel stronger. x2
You hit the orc.
The orc is heavily wounded.
You feel sick. The orc barely misses you. You block the orc's attack.
The orc hits you but does no damage.
You hit the orc but do no damage.
The orc is heavily wounded.
The orc closely misses you. x2; The orc hits you with a +0 flail.
* * * LOW HITPOINT WARNING * * *
You block the orc's attack. The orc hits you but does no damage.
You hit the orc.
The orc is severely wounded.
You feel sick. The orc closely misses you. The orc hits you with a +0 dagger.
* * * LOW HITPOINT WARNING * * *
You block the orc's attack.
You hit the orc but do no damage.
The orc is severely wounded.
The orc hits you with a +0 flail!
You die...

#.###........###>.......
#)# #.............#####.
..#
#.#...........#####.##
###
#.#...................
#....#...##.#.#####.##
#..........###.####.#
#........##.#.......#
#....... #.######## ###
#@# #..ooo......
#...o....>## #.........#
#.../.....# #.........#
#.>.........
#.......###.


You could see 4 orcs.

Vanquished Creatures
  An adder (D:2)
  A worm (D:2)
  A leopard gecko (D:1)
  A giant cockroach (D:1)
  4 goblins (D:1)
  2 hobgoblins
  A quokka (D:2)
  4 bats (D:1)
  2 frilled lizards
  5 kobolds (D:1)
  6 rats (D:1)
28 creatures vanquished.

Notes
Turn   | Place    | Note
-------+----------+-------------------------------------------
     0 | D:1      | rebelwolf the Demigod Fighter began the quest for the Orb.
     0 | D:1      | Reached XP level 1. HP: 18/18 MP: 3/3
   352 | D:1      | Reached XP level 2. HP: 25/25 MP: 4/4
  1571 | D:2      | Reached XP level 3. HP: 10/31 MP: 5/5
  1574 | D:2      | Slain by an orc

Illustrated notes

Levels and vault maps discovered:
D:1:      psy_arrival_radial01, layout_basic
D:2:      layout_loops_cross, columned_hall_lemuel

Skill      XL: |  1  2 |
---------------+-------+-----
Armour         | 3 |  3.0
Shields        | 3 |  3.1
Fighting       | 3 |  3.0
Short Blades   | 2 |  2.3
Dodging        | |  0.3

Action                   || total
-------------------------++-------
Melee: Rapier            ||    85
  Use: Scroll            ||     6
Armor: Scale mail        ||    43
Dodge: Dodged            ||    33
Block: Kite shield       ||    61

Table legend: (Time is in decaauts)
 A = Elapsed time spent in this place.
 B = Non-inter-level travel time spent in this place.
 C = Inter-level travel time spent in this place.
 D = Time resting spent in this place.
 E = Time spent auto-exploring this place.
 F = Levels seen in this place.
 G = Mean time per level.
                   A        B        C        D        E       F      G
               +--------+--------+--------+--------+--------+-----+--------+
         Total |   1603 |   1588 |     15 |    249 |    889 |   2 |  801.5 |
       Dungeon |   1603 |   1588 |     15 |    249 |    889 |   2 |  801.5 |
               +--------+--------+--------+--------+--------+-----+--------+

Top non-repeatable levels by time:
     D:1: 1246 daAuts
     D:2: 357 daAuts
